 Dungeon Crawl Stone Soup version 0.28.0-45-g0d030f2227 (webtiles) character file.

Game seed: 8025479874676330102

121638 mortz the Thaumaturge (level 16, 0/125 HPs)
             Began as a Gnoll Air Elementalist on Apr 12, 2022.
             Was a High Priest of Vehumet.
             Killed from afar by a will-o-the-wisp (16 damage)
             ... with a foxfire
             ... on level 4 of the Swamp on Apr 15, 2022.
             The game lasted 04:24:24 (52112 turns).

mortz the Thaumaturge (Gnoll Air Elementalist)     Turns: 52112, Time: 04:24:24

Health: 0/125      AC: 15    Str:  9    XL:     16   Next: 85%
Magic:  26/51      EV: 17    Int: 25    God:    Vehumet [*****.]
Gold:   2581       SH:  9    Dex: 14    Spells: 4/39 levels left

rFire   . . .      SeeInvis .   a - staff of air {!astaff}
rCold   . . .      Faith    .   X - +2 buckler
rNeg    . . .      Spirit   .   g - +1 troll leather armour
rPois   +          Reflect  .   v - +3 hat of Pondering {ponderous, Will+ MP+10 Int+5}
rElec   +          Harm     .   d - +1 cloak
rCorr   .          Rampage  .   (no gloves)
Will    ++...                   M - +1 pair of boots
Stlth   +++.......              (no amulet)
HPRegen 1.10/turn               l - ring of poison resistance
MPRegen 0.32/turn               y - ring of magical power

@: very slow
A: fangs 1, strong nose, distributed training
a: Renounce Religion


You were on level 4 of the Swamp.
You worshipped Vehumet.
Vehumet was extremely pleased with you.
You visited 5 branches of the dungeon, and saw 28 of its levels.

You collected 3011 gold pieces.
You spent 430 gold pieces at shops.


Innate Abilities, Weirdness & Mutations

You have very sharp teeth.
Your uncanny sense of smell can sniff out nearby items.
Your experience applies equally to all skills.


   Skills:
 + Level 11.2 Fighting
 + Level 11.2 Short Blades
 + Level 11.2 Long Blades
 + Level 11.2 Axes
 + Level 11.2 Maces & Flails
 + Level 11.2 Polearms
 + Level 11.2 Staves
 + Level 11.2 Slings
 + Level 11.2 Bows
 + Level 11.2 Crossbows
 + Level 11.2 Throwing
 + Level 11.2 Armour
 + Level 12.1 Dodging
 + Level 12.0 Stealth
 + Level 11.2 Shields
 + Level 11.2 Unarmed Combat
 + Level 12.2 Spellcasting
 + Level 9.7 Conjurations
 + Level 9.4 Hexes
 + Level 9.4 Summonings
 + Level 9.4 Necromancy
 + Level 9.4 Translocations
 + Level 9.4 Transmutations
 + Level 9.4 Fire Magic
 + Level 9.4 Ice Magic
 + Level 10.9 Air Magic
 + Level 9.4 Earth Magic
 + Level 9.4 Poison Magic
 + Level 12.2 Invocations
 + Level 11.2 Evocations


You had 4 spell levels left.
You knew the following spells:

 Your Spells              Type           Power      Damage    Failure   Level
a - Shock                 Conj/Air       100%       1d9       1%          1
b - Static Discharge      Conj/Air       79%        N/A       1%          2
c - Swiftness             Air            81%        N/A       1%          3
d - Sandblast             Erth           100%       2d20      1%          1
e - Passwall              Tmut/Erth      48%        N/A       1%          2
f - Blink                 Tloc           100%       N/A       1%          2
g - Foxfire               Conj/Fire      100%       2x1d9     1%          1
h - Poisonous Vapours     Pois/Air       100%       N/A       1%          2
i - Airstrike             Air            40%        N/A       1%          4
j - Stone Arrow           Conj/Erth      100%       3d13      1%          3
k - Iskenderun's Mystic   Conj/Tloc      59%        2d12      1%          4
l - Manifold Assault      Tloc           58%        N/A       3%          5
m - Yara's Violent Unrav  Hex/Tmut       29%        3d12      1%          5

Your spell library contained the following spells:

 Spells                   Type           Power      Damage    Failure   Level
 Freezing Cloud           Conj/Ice/Air   39%        6-21      1%          5
 Animate Skeleton         Necr           100%       N/A       1%          1
 Freeze                   Ice            100%       1d11      1%          1
 Pain                     Necr           100%       1d9       1%          1
 Summon Small Mammal      Summ           100%       N/A       1%          1
 Corpse Rot               Necr/Air       100%       N/A       1%          2
 Call Canine Familiar     Summ           58%        N/A       1%          3
 Frozen Ramparts          Ice            100%       1d12      1%          3
 Ozocubu's Armour         Ice            58%        N/A       1%          3
 Portal Projectile        Hex/Tloc       100%       N/A       1%          3
 Summon Guardian Golem    Hex/Summ       58%        N/A       1%          3
 Tukima's Dance           Hex            58%        N/A       1%          3
 Vampiric Draining        Necr           58%        2d10      1%          3
 Anguish                  Hex/Necr       29%        N/A       1%          4
 Animate Dead             Necr           29%        N/A       1%          4
 Cause Fear               Hex            29%        N/A       1%          4
 Hailstorm                Conj/Ice       59%        3d13      1%          4
 Leda's Liquefaction      Hex/Erth       29%        N/A       1%          4
 Lightning Bolt           Conj/Air       39%        1d58      1%          5
 Borgnjor's Vile Clutch   Necr/Erth      29%        N/A       3%          5
 Metabolic Englaciation   Hex/Ice        29%        N/A       3%          5
 Summon Forest            Summ/Tloc      29%        N/A       3%          5
 Eringya's Noxious Bog    Tmut/Pois      29%        N/A       5%          6
 Death Channel            Necr           29%        N/A       19%         6
 Simulacrum               Ice/Necr       29%        N/A       19%         6
 Storm Form               Tmut/Air       39%        N/A       61%         7
 Dragon Form              Tmut           29%        N/A       71%         7
 Enfeeble                 Hex            29%        N/A       71%         7
 Summon Hydra             Summ           29%        N/A       71%         7
 Maxwell's Capacitive Co  Air            40%        ∞         71%         8
 Dragon's Call            Summ           29%        N/A       100%        9

Inventory:

Hand Weapons
 f - the +5 flail of Ascent {venom, rN+ rCorr, mace}
   (You found it on level 15 of the Dungeon)

   It poisons the flesh of those it strikes.
   rN:        It protects you from negative energy.
   rCorr:     It protects you from acid and corrosion.
 F - a +6 war axe of venom {axe}
   (You took it off a wight on level 6 of the Dungeon)
 R - a +2 flail of holy wrath {mace}
   (You took it off an orc on level 11 of the Dungeon)
Missiles
 i - 8 silver boomerangs {throwing}
Armour
 d - a +1 cloak (worn)
   (You found it on level 1 of the Dungeon)
 g - a +1 troll leather armour (worn)
   (You found it on level 2 of the Orcish Mines)
 p - a scarf of repulsion
   (You found it on level 4 of the Lair of Beasts)
 q - a +2 chain mail of fire resistance
   (You found it on level 2 of the Swamp)
 v - the +3 hat of Pondering (worn) {ponderous, Will+ MP+10 Int+5}
   (You took it off Gastronok on level 10 of the Dungeon)

   Int:       It affects your intelligence (+5).
   MP:        It affects your magic capacity (+10).
   Will:      It increases your willpower.
 M - a +1 pair of boots (worn)
   (You found it on level 9 of the Dungeon)
 O - +0 acid dragon scales
   (You found it on level 9 of the Dungeon)
 X - a +2 buckler (worn)
   (You took it off a tengu conjurer on level 15 of the Dungeon)
Magical Staves
 a - a staff of air (weapon) {!astaff}
   (You found it on level 4 of the Lair of Beasts)
 s - a staff of fire {!astaff}
   (You found it on level 4 of the Lair of Beasts)
Jewellery
 l - a ring of poison resistance (left hand)
   (You bought it in a shop on level 2 of the Orcish Mines)
 x - a ring of willpower
   (You found it on level 4 of the Dungeon)
 y - a ring of magical power (right hand)
   (You found it on level 4 of the Dungeon)
 K - a ring of positive energy
   (You took it off a centaur on level 10 of the Dungeon)
 L - a ring of fire
   (You found it on level 14 of the Dungeon)
 N - a +6 ring of intelligence
   (You found it on level 4 of the Swamp)
 W - a ring of protection from fire
   (You found it on level 2 of the Lair of Beasts)
 Y - a +4 ring of evasion
   (You found it on level 12 of the Dungeon)
Wands
 k - a wand of charming (3)
   (You found it on level 4 of the Lair of Beasts)
 m - a wand of acid (6)
   (You found it on level 9 of the Dungeon)
 A - a wand of paralysis (31)
   (You found it on level 5 of the Dungeon)
 G - a wand of flame (64)
   (You found it on level 7 of the Dungeon)
 H - a wand of mindburst (68)
   (You found it on level 8 of the Dungeon)
 I - a wand of iceblast (21)
   (You found it on level 8 of the Dungeon)
 Q - a wand of polymorph (5)
   (You found it on level 10 of the Dungeon)
 S - a wand of digging (3)
   (You found it on level 15 of the Dungeon)
Scrolls
 b - a scroll of summoning
 c - a scroll of magic mapping {!r}
 e - 2 scrolls of silence {!r}
 j - 5 scrolls of enchant weapon
 n - a scroll of fog
 r - a scroll of amnesia
 w - a scroll of fear
 z - 6 scrolls of identify {@r1}
 P - a scroll of blinking {!r}
 T - 9 scrolls of teleportation {@r4}
Potions
 h - a potion of haste {@q3}
 o - 2 potions of heal wounds {@q2}
 t - 2 potions of might
 u - 2 potions of flight
 B - 8 potions of brilliance
 C - 4 potions of resistance
 D - 6 potions of curing {@q1}
 E - 2 potions of cancellation
 J - a potion of attraction {!q}
 U - a potion of mutation {!q}
 V - 2 potions of ambrosia

Dungeon Overview and Level Annotations

Branches:
Dungeon (15/15)            Temple (1/1) D:5            Lair (6/6) D:10
  Swamp (4/4) Lair:3        Snake (0/4) Lair:4        Slime (0/5) Lair:6
    Orc (2/2) D:9             Elf (0/3) Orc:2        Vaults (0/5) D:13
 Depths (0/4) D:15

Altars:
Ashenzari
Cheibriados
Dithmenos
Elyvilon
Fedhas
Gozag
Hepliaklqana
Kikubaaqudgha
Makhleb
Nemelex Xobeh
Okawaru
Qazlal
Ru
Sif Muna
Trog
Uskayaw
Vehumet
Wu Jian
Xom
Yredelemnul
Zin
The Shining One
Beogh

Shops:
D:8 !   D:13 **   Orc:1 *(*!:   Orc:2 *([:

Annotations:
D:3 1 runed translucent door, GilGalad's ghost, novice OgVM; Ijyb
D:8 exclusion: downstairs

.≈≈≈≈. ♣.§§≈[
♣♣♣♣ ♣♣.≈≈.♣♣...♣
.≈.§..§w≈≈≈♣♣
≈.≈≈§v§§≈≈≈.♣
<.≈.§≈§§[≈.≈♣♣♣♣♣
!≈...§§v≈.≈♣♣.≈.♣
..§≈≈≈$v.♣♣♣≈≈≈♣
≈≈≈≈≈≈≈@≈≈♣≈≈≈.♣
≈≈≈≈≈≈≈§†≈♣≈≈≈.♣
?≈≈≈≈§≈§.♣§≈≈≈.♣♣
.≈≈≈≈≈§.≈♣♣.≈≈..♣
.≈.....♣♣♣♣♣.<..♣
♣♣♣♣♣♣♣ ♣♣.≈♣♣
♣♣♣♣


You could see a will-o-the-wisp and a swamp worm.


Message History

You feel a surge of power!
The air twists around and strikes the five-headed hydra!!
A swamp worm comes into view.
A will-o-the-wisp comes into view. 😎 MP[-4]
You lost 4 mp, and now have 39/51 mp.
Aiming: Airstrike (safe; 1% risk of failure)
Press: ? - help, Q - select action, (/) - cycle Dir - move target, f/p - five-headed hydra
Aim: a five-headed hydra (heavily wounded, empty space bonus: 8/8)
You feel a surge of power!
The air twists around and strikes the five-headed hydra!! 😎 MP[-4]
You lost 4 mp, and now have 35/51 mp.
Aiming: Airstrike (safe; 1% risk of failure)
Press: ? - help, Q - select action, (/) - cycle Dir - move target, f/p - five-headed hydra
Aim: a five-headed hydra (almost dead, empty space bonus: 7/8)
You feel a surge of power!
The air twists around and strikes the five-headed hydra!
A will-o-the-wisp comes into view.
The will-o-the-wisp gestures.
The will-o-the-wisp conjures some foxfire! 2 foxfires come into view. 😎 MP[-3]
You lost 3 mp, and now have 32/51 mp.
Aiming: Airstrike (safe; 1% risk of failure)
Press: ? - help, Q - select action, (/) - cycle Dir - move target, f/p - five-headed hydra
Aim: a five-headed hydra (thin mist, almost dead, empty space bonus: 5/8)
You feel a surge of power!
The air twists around and strikes the five-headed hydra!
You kill the five-headed hydra!
Vehumet accepts your kill.
You feel your power returning.
The will-o-the-wisp gestures.
The will-o-the-wisp conjures some foxfire! 2 foxfires come into view. 😎 MP[+2]
You regained 2 mp, and now have 34/51 mp.
Aiming: Airstrike (safe; 1% risk of failure)
Press: ? - help, Q - select action, (/) - cycle Dir - move target, f - swamp worm
Aim: a swamp worm (wisps of flame, empty space bonus: 7/8)
Okay, then.
Aiming: Airstrike (safe; 1% risk of failure)
Press: ? - help, Q - select action, (/) - cycle Dir - move target, f - will-o-the-wisp
Aim: a will-o-the-wisp (empty space bonus: 7/8)
You feel a surge of power!
The air twists around and strikes the will-o-the-wisp!!
The foxfire hits you!!
The teleport trap disappears.
The foxfire disappears!
The foxfire hits you!!
The swamp worm fires a harpoon shot at you.
The harpoon shot hits you!
You are yanked forward by the harpoon shot.
The foxfire hits you!!
* * * LOW HITPOINT WARNING * * *
The swamp worm fires a harpoon shot at you.
The harpoon shot hits you!
* * * LOW HITPOINT WARNING * * *
You are yanked forward by the harpoon shot.
Splash!
You fall into the shallow water.
Moving in this stuff is going to be slow.
Found three items.
Found a stone staircase leading up.
The will-o-the-wisp gestures.
The will-o-the-wisp conjures some foxfire!
The foxfire moves out of view. 2 foxfires come into view. 😨 HP[-80] MP[-4]
You take 80 damage, and now have 45/125 hp.
MASSIVE DAMAGE!! (PAUSE)
You lost 4 mp, and now have 30/51 mp.
Casting: Airstrike (safe; 1% risk of failure)
Confirm with . or Enter, or press ? or * to list all spells.
You erupt in a blast of force!
The mystic blast hits the will-o-the-wisp!!
You destroy the will-o-the-wisp!
Vehumet accepts your kill.
You feel your power returning.
The mystic blast hits the swamp worm!
The swamp worm is knocked back by the mystic blast.
The swamp worm slams into the mangrove!
The mystic blast hits the swamp worm!
The swamp worm is knocked back by the mystic blast.
The foxfire hits you!
* * * LOW HITPOINT WARNING * * *
The foxfire hits you!!
* * * LOW HITPOINT WARNING * * *
The will-o-the-wisp gestures.
The will-o-the-wisp conjures some foxfire!
You block the swamp worm's attack.
Your Stealth skill increases to level 12! 2 foxfires come into view. 😱 HP[-30] MP[-3]
You take 30 damage, and now have 15/125 hp.
MASSIVE DAMAGE!! (PAUSE)
You lost 3 mp, and now have 27/51 mp.
Casting: Iskenderun's Mystic Blast (safe; 1% risk of failure)
Confirm with . or Enter, or press ? or * to list all spells.
You erupt in a blast of force!
The mystic blast hits the swamp worm.
The swamp worm is knocked back by the mystic blast.
The swamp worm slams into the mangrove!
You kill the swamp worm!
Vehumet accepts your kill.
You feel your power returning. The foxfire hits you!
You die...

Skill      XL: |  1  2  3  4  5  6  7  8  9 10 11 12 13 14 15 16 |
---------------+-------------------------------------------------+-----
Conjurations   | 2 3 4 5 6 7 8 9 |  9.7
Spellcasting   | 5 6 7 8 9 10 11 12 | 12.2
Invocations    | 1 2 3 4 5 6 7 8 9 10 11 12 | 12.2
Fighting       | 1 2 3 4 5 6 7 8 9 10 11 | 11.2
Short Blades   | 1 2 3 4 5 6 7 8 9 10 11 | 11.2
Long Blades    | 1 2 3 4 5 6 7 8 9 10 11 | 11.2
Axes           | 1 2 3 4 5 6 7 8 9 10 11 | 11.2
Maces & Flails | 1 2 3 4 5 6 7 8 9 10 11 | 11.2
Polearms       | 1 2 3 4 5 6 7 8 9 10 11 | 11.2
Staves         | 1 2 3 4 5 6 7 8 9 10 11 | 11.2
Slings         | 1 2 3 4 5 6 7 8 9 10 11 | 11.2
Bows           | 1 2 3 4 5 6 7 8 9 10 11 | 11.2
Crossbows      | 1 2 3 4 5 6 7 8 9 10 11 | 11.2
Throwing       | 1 2 3 4 5 6 7 8 9 10 11 | 11.2
Armour         | 1 2 3 4 5 6 7 8 9 10 11 | 11.2
Shields        | 1 2 3 4 5 6 7 8 9 10 11 | 11.2
Unarmed Combat | 1 2 3 4 5 6 7 8 9 10 11 | 11.2
Evocations     | 1 2 3 4 5 6 7 8 9 10 11 | 11.2
Hexes          | 1 2 3 4 5 6 7 8 9 |  9.4
Summonings     | 1 2 3 4 5 6 7 8 9 |  9.4
Necromancy     | 1 2 3 4 5 6 7 8 9 |  9.4
Translocations | 1 2 3 4 5 6 7 8 9 |  9.4
Transmutations | 1 2 3 4 5 6 7 8 9 |  9.4
Fire Magic     | 1 2 3 4 5 6 7 8 9 |  9.4
Ice Magic      | 1 2 3 4 5 6 7 8 9 |  9.4
Earth Magic    | 1 2 3 4 5 6 7 8 9 |  9.4
Poison Magic   | 1 2 3 4 5 6 7 8 9 |  9.4
Dodging        | 5 6 7 8 9 10 11 12 | 12.1
Stealth        | 5 6 7 8 9 10 11 12 | 12.0
Air Magic      | 6 7 8 9 10 | 10.9

Action                   |  1- 3 |  4- 6 |  7- 9 | 10-12 | 13-15 | 16-18 || total
-------------------------+-------+-------+-------+-------+-------+-------++-------
Melee: Short sword       |       |     7 |       |       |       |       ||     7
       War axe           |       |       |       |    10 |    71 |       ||    81
       Bite              |       |       |       |     1 |     1 |       ||     2
       Punch             |       |       |       |       |     2 |       ||     2
       Flail             |       |       |       |       |    13 |    34 ||    47
 Cast: Shock             |    72 |    86 |   161 |   200 |     5 |       ||   524
       Static Discharge  |     2 |    27 |    72 |   160 |   105 |     2 ||   368
       Sandblast         |       |     3 |     4 |       |       |       ||     7
       Swiftness         |       |     1 |       |       |       |       ||     1
       Foxfire           |       |       |    29 |    33 |       |       ||    62
       Poisonous Vapours |       |       |       |     6 |     4 |       ||    10
       Airstrike         |       |       |       |   237 |   763 |   252 ||  1252
       Iskenderun's Myst |       |       |       |    36 |    73 |    51 ||   160
       Stone Arrow       |       |       |       |       |     3 |       ||     3
       Manifold Assault  |       |       |       |       |    30 |    11 ||    41
Evoke: Wand              |       |       |       |     5 |     5 |       ||    10
  Use: Scroll            |     1 |    10 |       |    13 |     9 |       ||    33
       Potion            |       |       |       |       |     4 |       ||     4
Armor: Robe              |       |     3 |     8 |     5 |       |       ||    16
       Leather armour    |       |       |     2 |     7 |       |       ||     9
       Acid dragon scale |       |       |       |    85 |   114 |       ||   199
       Troll leather arm |       |       |       |       |     7 |    11 ||    18
Dodge: Dodged            |     3 |    15 |    43 |   220 |   216 |    23 ||   520
Block: Buckler           |       |       |       |       |     5 |    21 ||    26

Levels and vault maps discovered:
D:1:      shiori_arrival_maze, layout_basic
D:2:      layout_basic, dreamdust_ecumenical_altar_hidden_monk_grotto,
          grunt_decor_arrowhead, nicolae_figureground_sparkle
D:3:      layout_basic, amcnicky_altar_gilded, gammafunk_ghost_grave,
          interstate_on_off, uniq_ijyb
D:4:      nicolae_BIG_FREAKIN_CUBE, layout_gridville
D:5:      minmay_razor_zed, layout_basic, minmay_temple_entry_gardened_gates,
          serial_co_window_serial, co_window_of_opportunity_a,
          co_window_corner_a, co_window_corner_a, co_window_paths_a,
          co_window_corner_a, co_window_corner_b, co_window_corner_b,
          co_window_2corner, glass_columns_a
D:6:      layout_basic
D:7:      layout_rooms, kennysheep_dice
D:8:      layout_loops_corners, serial_shops, nicolae_shop_hallway_stairs,
          palyth_stone_intersect, uniq_pikel
D:9:      layout_loops_ring, zombieorc2_lemuel, chequers_decorated_corner
D:10:     layout_grid_maze, david_lair_generic, enter_bailey_3
D:11:     layout_irregular_city, uniq_grum
D:12:     layout_roguey, serial_undead, serial_undead_b, serial_undead_f,
          serial_undead_c, serial_undead_d, minmay_door_square
D:13:     layout_cave_pools, david_vaults_1, nicolae_specific_store
D:14:     layout_roguey, nicolae_concentric_dashed_squares_mild, uniq_agnes
D:15:     hangedman_depths_entry_try_elsewhere_first, layout_small_grid,
          bloody_makhleb, fedhas_altar_2
Temple:   kilobyte_greek_temple
Lair:1:   layout_loops_ring, st_stairs_6, infiniplex_staircase_pool,
          uniq_gastronok
Lair:2:   layout_regular_city, chequers_serial_rivers_micro_d
Lair:3:   layout_cave_pods, nicolae_swamp_entry_splash_gauntlet
Lair:4:   nzn_winding_woodlands_medium [nzn_winding_woodlands_5x5_cross,
          nzn_winding_woodlands_5x15_parted, nzn_winding_woodlands_5x5_default,
          nzn_winding_woodlands_5x5_closed_star,
          nzn_winding_woodlands_center_diamonds,
          nzn_winding_woodlands_5x5_default,
          nzn_winding_woodlands_5x5_perimeter,
          nzn_winding_woodlands_5x15_sidewinder,
          nzn_winding_woodlands_5x5_default], layout_gridlike,
          minmay_snake_entry_guardpost_medium, serial_bayou_pond_b,
          beast_lair_carwin_3
Lair:5:   layout_cave_pods, serial_forest, infiniplex_forest_lined_2,
          infiniplex_forest_lined_room_3, infiniplex_forest_corner_2,
          infiniplex_forest_clump_long, infiniplex_forest_clump_double,
          infiniplex_forest_end_2, cheibrodos_lair_caveside_slide,
          lemuel_old_faithful
Lair:6:   hangedman_lair_tendril_chambers, layout_cave_shapes,
          minmay_slime_entry_eyes, basic_altar, serial_bayou_shore_a,
          uniq_josephine
Swamp:1:  nicolae_swamp_ascending_descending_big, layout_basic_swamp,
          evilmike_swamp_ruin_rubble_2
Swamp:2:  layout_basic_swamp, evilmike_swamp_ruin_house_1, swamp_pool2,
          nzn_swamp_weyward_sisters
Swamp:3:  nicolae_swamp_husk_halls, layout_basic_swamp,
          evilmike_swamp_ruin_house_6, swamp_pool3, nzn_swamp_blast_mining
Swamp:4:  swamp_basic_johnstein, layout_basic_swamp, swamp_pool4
Orc:1:    layout_diamond_mine, serial_shops, nicolae_shop_advertising_works
          [nicolae_subvault_shop_adworks], shop, nicolae_shop_stone,
          nicolae_diamond_shop, shop
Orc:2:    grunt_orc_gardens, layout_caves, grunt_orc_garden, grunt_orc_garden,
          grunt_orc_garden, grunt_orc_garden, basic_altar

Notes
Turn   | Place    | Note
-------+----------+-------------------------------------------
     0 | D:1      | mortz the Gnoll Air Elementalist began the quest for the
                  | Orb.
     0 | D:1      | Reached XP level 1. HP: 13/13 MP: 6/6
     0 | D:1      | magus.rc [v1.9.6]
   152 | D:1      | Reached skill level 2 in Conjurations
   177 | D:1      | Reached XP level 2. HP: 19/19 MP: 3/7
   180 | D:1      | Learned a level 2 spell: Static Discharge
  1016 | D:1      | Reached XP level 3. HP: 25/25 MP: 5/9
  1095 | D:1      | Reached skill level 5 in Spellcasting
  1556 | D:2      | Reached skill level 1 in Invocations
  1693 | D:2      | You pick up a book of the Dragon and begin reading...
  1693 | D:2      | You add the spells Cause Fear, Dragon Form and Dragon's
                  | Call to your library.
  1718 | D:2      | Learned a level 3 spell: Swiftness
  1915 | D:2      | Reached skill level 1 in Fighting
  1915 | D:2      | Reached skill level 1 in Short Blades
  1915 | D:2      | Reached skill level 1 in Long Blades
  1915 | D:2      | Reached skill level 1 in Axes
  1915 | D:2      | Reached skill level 1 in Maces & Flails
  1915 | D:2      | Reached skill level 1 in Polearms
  1915 | D:2      | Reached skill level 1 in Staves
  1915 | D:2      | Reached skill level 1 in Slings
  1915 | D:2      | Reached skill level 1 in Bows
  1915 | D:2      | Reached skill level 1 in Crossbows
  1915 | D:2      | Reached skill level 1 in Throwing
  1915 | D:2      | Reached skill level 1 in Armour
  1915 | D:2      | Reached skill level 1 in Shields
  1915 | D:2      | Reached skill level 1 in Unarmed Combat
  1915 | D:2      | Reached skill level 1 in Evocations
  1957 | D:2      | Found a faded altar of an unknown god.
  2506 | D:3      | Reached XP level 4. HP: 32/32 MP: 3/11
  2670 | D:3      | You pick up a book of Winter and begin reading...
  2670 | D:3      | You add the spells Ozocubu's Armour, Metabolic Englaciation
                  | and Simulacrum to your library.
  2702 | D:3      | Found a runed translucent door.
  2703 | D:3      | Noticed GilGalad's ghost (novice OgVM)
  2707 | D:3      | Noticed Ijyb
  2876 | D:3      | You pick up a book of Geomancy and begin reading...
  2876 | D:3      | You add the spells Sandblast, Passwall and Stone Arrow to
                  | your library.
  2879 | D:3      | Learned a level 1 spell: Sandblast
  3312 | D:4      | Reached skill level 1 in Hexes
  3312 | D:4      | Reached skill level 1 in Summonings
  3312 | D:4      | Reached skill level 1 in Necromancy
  3312 | D:4      | Reached skill level 1 in Translocations
  3312 | D:4      | Reached skill level 1 in Transmutations
  3312 | D:4      | Reached skill level 1 in Fire Magic
  3312 | D:4      | Reached skill level 1 in Ice Magic
  3312 | D:4      | Reached skill level 1 in Earth Magic
  3312 | D:4      | Reached skill level 1 in Poison Magic
  3312 | D:4      | Reached XP level 5. HP: 33/37 MP: 2/12
  3371 | D:4      | Noticed a sky beast
  3657 | D:4      | You add the spells Blink, Manifold Assault and Storm Form
                  | to your library.
  3746 | D:4      | Learned a level 2 spell: Passwall
  3927 | D:3      | Found a broken altar of Ashenzari.
  4353 | D:4      | HP: 8/37 [something (5)]
  4355 | D:4      | Killed a sky beast
  4356 | D:4      | Reached skill level 2 in Invocations
  4356 | D:4      | Reached XP level 6. HP: 10/44 MP: 8/13
  4790 | D:4      | Reached skill level 2 in Fighting
  4790 | D:4      | Reached skill level 2 in Short Blades
  4790 | D:4      | Reached skill level 2 in Long Blades
  4790 | D:4      | Reached skill level 2 in Axes
  4790 | D:4      | Reached skill level 2 in Maces & Flails
  4790 | D:4      | Reached skill level 2 in Polearms
  4790 | D:4      | Reached skill level 2 in Staves
  4790 | D:4      | Reached skill level 2 in Slings
  4790 | D:4      | Reached skill level 2 in Bows
  4790 | D:4      | Reached skill level 2 in Crossbows
  4790 | D:4      | Reached skill level 2 in Throwing
  4790 | D:4      | Reached skill level 2 in Armour
  4790 | D:4      | Reached skill level 5 in Dodging
  4790 | D:4      | Reached skill level 2 in Shields
  4790 | D:4      | Reached skill level 2 in Unarmed Combat
  4790 | D:4      | Reached skill level 2 in Evocations
  5108 | D:5      | Entered Level 5 of the Dungeon
  5607 | D:5      | HP: 10/44 [ogre/+0 giant club (4)]
  5609 | D:5      | Reached XP level 7. HP: 10/50 MP: 14/15
  5860 | D:5      | You pick up a book of Necromancy and begin reading...
  5860 | D:5      | You add the spells Pain, Animate Skeleton and Vampiric
                  | Draining to your library.
  5927 | D:5      | Reached skill level 2 in Hexes
  5927 | D:5      | Reached skill level 2 in Summonings
  5927 | D:5      | Reached skill level 2 in Necromancy
  5927 | D:5      | Reached skill level 2 in Translocations
  5927 | D:5      | Reached skill level 2 in Transmutations
  5927 | D:5      | Reached skill level 2 in Fire Magic
  5927 | D:5      | Reached skill level 2 in Ice Magic
  5927 | D:5      | Reached skill level 2 in Earth Magic
  5927 | D:5      | Reached skill level 2 in Poison Magic
  5994 | D:5      | Reached skill level 3 in Conjurations
  6086 | D:5      | Found a staircase to the Ecumenical Temple.
  6103 | D:5      | Reached skill level 5 in Stealth
  6104 | Temple   | Entered the Ecumenical Temple
  6375 | Temple   | Became a worshipper of Vehumet
  6430 | D:5      | Reached skill level 3 in Invocations
  6691 | D:5      | HP: 12/51 [/static electricity (1)]
  7099 | D:5      | Noticed a yak
  7104 | D:5      | Noticed a yak
  7110 | D:5      | Noticed a yak
  7129 | D:5      | Noticed a yak
  7130 | D:5      | Killed a yak
  7131 | D:5      | Reached skill level 3 in Fighting
  7131 | D:5      | Reached skill level 3 in Short Blades
  7131 | D:5      | Reached skill level 3 in Long Blades
  7131 | D:5      | Reached skill level 3 in Axes
  7131 | D:5      | Reached skill level 3 in Maces & Flails
  7131 | D:5      | Reached skill level 3 in Polearms
  7131 | D:5      | Reached skill level 3 in Staves
  7131 | D:5      | Reached skill level 3 in Slings
  7131 | D:5      | Reached skill level 3 in Bows
  7131 | D:5      | Reached skill level 3 in Crossbows
  7131 | D:5      | Reached skill level 3 in Throwing
  7131 | D:5      | Reached skill level 3 in Armour
  7131 | D:5      | Reached skill level 3 in Shields
  7131 | D:5      | Reached skill level 3 in Unarmed Combat
  7131 | D:5      | Reached skill level 6 in Air Magic
  7131 | D:5      | Reached skill level 3 in Evocations
  7131 | D:5      | Reached XP level 8. HP: 34/58 MP: 15/16
  7159 | Temple   | HP: 11/58 [yak (14)]
  7410 | Temple   | Killed a yak
  7411 | Temple   | Reached skill level 6 in Spellcasting
  7620 | D:5      | Killed a yak
  7798 | D:5      | Killed a yak
  8125 | D:5      | You pick up a book of Frost and begin reading...
  8125 | D:5      | You add the spells Freeze, Frozen Ramparts and Hailstorm to
                  | your library.
  8142 | D:5      | Learned a level 2 spell: Blink
  8386 | D:5      | Reached skill level 4 in Invocations
  8451 | D:5      | Reached skill level 3 in Hexes
  8451 | D:5      | Reached skill level 3 in Summonings
  8451 | D:5      | Reached skill level 3 in Necromancy
  8451 | D:5      | Reached skill level 3 in Translocations
  8451 | D:5      | Reached skill level 3 in Transmutations
  8451 | D:5      | Reached skill level 3 in Fire Magic
  8451 | D:5      | Reached skill level 3 in Ice Magic
  8451 | D:5      | Reached skill level 3 in Earth Magic
  8451 | D:5      | Reached skill level 3 in Poison Magic
  8536 | D:5      | You pick up a book of Maledictions and begin reading...
  8536 | D:5      | You add the spells Tukima's Dance, Anguish and Enfeeble to
                  | your library.
  8772 | D:6      | Reached skill level 6 in Dodging
  8875 | D:6      | Reached XP level 9. HP: 62/65 MP: 18/18
  9243 | D:6      | Reached skill level 4 in Fighting
  9243 | D:6      | Reached skill level 4 in Short Blades
  9243 | D:6      | Reached skill level 4 in Long Blades
  9243 | D:6      | Reached skill level 4 in Axes
  9243 | D:6      | Reached skill level 4 in Maces & Flails
  9243 | D:6      | Reached skill level 4 in Polearms
  9243 | D:6      | Reached skill level 4 in Staves
  9243 | D:6      | Reached skill level 4 in Slings
  9243 | D:6      | Reached skill level 4 in Bows
  9243 | D:6      | Reached skill level 4 in Crossbows
  9243 | D:6      | Reached skill level 4 in Throwing
  9243 | D:6      | Reached skill level 4 in Armour
  9243 | D:6      | Reached skill level 4 in Shields
  9243 | D:6      | Reached skill level 4 in Unarmed Combat
  9243 | D:6      | Reached skill level 4 in Conjurations
  9243 | D:6      | Reached skill level 4 in Evocations
  9625 | D:6      | Reached skill level 6 in Stealth
  9818 | D:6      | Reached * piety under Vehumet
  9818 | D:6      | Offered knowledge of Foxfire by Vehumet.
  9821 | D:6      | Learned a level 1 spell: Foxfire
 10286 | D:7      | Reached skill level 5 in Invocations
 10773 | D:7      | Reached skill level 7 in Spellcasting
 10828 | D:7      | Reached skill level 4 in Hexes
 10828 | D:7      | Reached skill level 4 in Summonings
 10828 | D:7      | Reached skill level 4 in Necromancy
 10828 | D:7      | Reached skill level 4 in Translocations
 10828 | D:7      | Reached skill level 4 in Transmutations
 10828 | D:7      | Reached skill level 4 in Fire Magic
 10828 | D:7      | Reached skill level 4 in Ice Magic
 10828 | D:7      | Reached skill level 4 in Earth Magic
 10828 | D:7      | Reached skill level 4 in Poison Magic
 10828 | D:7      | Reached XP level 10. HP: 73/73 MP: 20/20
 10932 | D:7      | Offered knowledge of Poisonous Vapours by Vehumet.
 11069 | D:7      | Reached ** piety under Vehumet
 11455 | D:8      | Found Heif's Distillery.
 11459 | D:8      | Bought a potion of lignification for 45 gold pieces
 11459 | D:8      | Bought a potion of degeneration for 15 gold pieces
 11459 | D:8      | Bought a potion of curing for 45 gold pieces
 11630 | D:8      | Reached skill level 5 in Fighting
 11630 | D:8      | Reached skill level 5 in Short Blades
 11630 | D:8      | Reached skill level 5 in Long Blades
 11630 | D:8      | Reached skill level 5 in Axes
 11630 | D:8      | Reached skill level 5 in Maces & Flails
 11630 | D:8      | Reached skill level 5 in Polearms
 11630 | D:8      | Reached skill level 5 in Staves
 11630 | D:8      | Reached skill level 5 in Slings
 11630 | D:8      | Reached skill level 5 in Bows
 11630 | D:8      | Reached skill level 5 in Crossbows
 11630 | D:8      | Reached skill level 5 in Throwing
 11630 | D:8      | Reached skill level 5 in Armour
 11630 | D:8      | Reached skill level 5 in Shields
 11630 | D:8      | Reached skill level 5 in Unarmed Combat
 11630 | D:8      | Reached skill level 5 in Evocations
 12154 | D:8      | You pick up a book of the Hunter and begin reading...
 12154 | D:8      | You add the spells Call Canine Familiar, Portal Projectile
                  | and Leda's Liquefaction to your library.
 12158 | D:8      | Learned a level 2 spell: Poisonous Vapours
 12163 | D:8      | Learned a level 4 spell: Airstrike
 12197 | D:8      | You pick up a book of Vapours and begin reading...
 12405 | D:8      | Reached skill level 7 in Air Magic
 12753 | D:8      | Noticed Pikel
 12761 | D:8      | Killed Pikel
 12762 | D:8      | Reached skill level 7 in Dodging
 13629 | D:9      | Reached skill level 5 in Conjurations
 13764 | D:9      | Offered knowledge of Inner Flame by Vehumet.
 13959 | D:9      | Reached skill level 6 in Invocations
 14006 | D:9      | Reached *** piety under Vehumet
 14007 | D:9      | Reached skill level 7 in Stealth
 14201 | D:9      | Found a staircase to the Orcish Mines.
 14612 | D:9      | magus.rc [v1.9.6]
 14614 | D:10     | Entered Level 10 of the Dungeon
 14625 | D:10     | You add the spells Summon Forest, Eringya's Noxious Bog and
                  | Summon Hydra to your library.
 14834 | D:10     | Noticed a two-headed ogre
 14881 | D:10     | Noticed a centaur warrior
 14896 | D:10     | Killed a centaur warrior
 14988 | D:10     | Reached XP level 11. HP: 81/81 MP: 18/22
 15386 | D:10     | Reached skill level 6 in Fighting
 15386 | D:10     | Reached skill level 6 in Short Blades
 15386 | D:10     | Reached skill level 6 in Long Blades
 15386 | D:10     | Reached skill level 6 in Axes
 15386 | D:10     | Reached skill level 6 in Maces & Flails
 15386 | D:10     | Reached skill level 6 in Polearms
 15386 | D:10     | Reached skill level 6 in Staves
 15386 | D:10     | Reached skill level 6 in Slings
 15386 | D:10     | Reached skill level 6 in Bows
 15386 | D:10     | Reached skill level 6 in Crossbows
 15386 | D:10     | Reached skill level 6 in Throwing
 15386 | D:10     | Reached skill level 6 in Armour
 15386 | D:10     | Reached skill level 6 in Shields
 15386 | D:10     | Reached skill level 6 in Unarmed Combat
 15386 | D:10     | Reached skill level 6 in Evocations
 15396 | D:10     | Reached skill level 5 in Hexes
 15396 | D:10     | Reached skill level 5 in Summonings
 15396 | D:10     | Reached skill level 5 in Necromancy
 15396 | D:10     | Reached skill level 5 in Translocations
 15396 | D:10     | Reached skill level 5 in Transmutations
 15396 | D:10     | Reached skill level 5 in Fire Magic
 15396 | D:10     | Reached skill level 5 in Ice Magic
 15396 | D:10     | Reached skill level 5 in Earth Magic
 15396 | D:10     | Reached skill level 5 in Poison Magic
 15630 | D:10     | Found a staircase to the Lair.
 15760 | D:10     | Learned a level 3 spell: Stone Arrow
 16058 | D:10     | Killed a two-headed ogre
 16059 | D:10     | Reached skill level 8 in Spellcasting
 16577 | D:11     | Noticed Grum
 16581 | D:11     | Killed Grum
 16892 | D:11     | Noticed a boulder beetle
 16907 | D:11     | Offered knowledge of Iskenderun's Mystic Blast by Vehumet.
 16919 | D:11     | Learned a level 4 spell: Iskenderun's Mystic Blast
 17477 | D:11     | Reached skill level 7 in Invocations
 18235 | Lair:1   | Entered Level 1 of the Lair of Beasts
 18393 | D:9      | Reached skill level 8 in Dodging
 18674 | Lair:1   | Gastronok the Ponderous comes into view. He is wearing the
                  | +3 hat of Pondering {ponderous, Will+ MP+10 Int+5}.
 18674 | Lair:1   | Noticed Gastronok
 19150 | Lair:1   | Aim: Gastronok, wearing the +3 hat of Pondering {ponderous,
                  | Will+ MP+10 Int+5} (empty space bonus: 8/8)
 19150 | Lair:1   | Aim: Gastronok, wearing the +3 hat of Pondering {ponderous,
                  | Will+ MP+10 Int+5} (empty space bonus: 8/8)
 19151 | Lair:1   | Aim: Gastronok, wearing the +3 hat of Pondering {ponderous,
                  | Will+ MP+10 Int+5} (lightly wounded, empty space bonus:
                  | 8/8)
 19151 | Lair:1   | Aim: Gastronok, wearing the +3 hat of Pondering {ponderous,
                  | Will+ MP+10 Int+5} (lightly wounded, empty space bonus:
                  | 8/8)
 19152 | Lair:1   | Aim: Gastronok, wearing the +3 hat of Pondering {ponderous,
                  | Will+ MP+10 Int+5} (lightly wounded, empty space bonus:
                  | 8/8)
 19152 | Lair:1   | Aim: Gastronok, wearing the +3 hat of Pondering {ponderous,
                  | Will+ MP+10 Int+5} (lightly wounded, empty space bonus:
                  | 8/8)
 19153 | Lair:1   | Aim: Gastronok, wearing the +3 hat of Pondering {ponderous,
                  | Will+ MP+10 Int+5} (moderately wounded, covering ground
                  | quickly, empty space bonus: 8/8)
 19153 | Lair:1   | Aim: Gastronok, wearing the +3 hat of Pondering {ponderous,
                  | Will+ MP+10 Int+5} (moderately wounded, covering ground
                  | quickly, empty space bonus: 8/8)
 19154 | Lair:1   | Aim: Gastronok, wearing the +3 hat of Pondering {ponderous,
                  | Will+ MP+10 Int+5} (moderately wounded, covering ground
                  | quickly, empty space bonus: 8/8)
 19154 | Lair:1   | Aim: Gastronok, wearing the +3 hat of Pondering {ponderous,
                  | Will+ MP+10 Int+5} (moderately wounded, covering ground
                  | quickly, empty space bonus: 8/8)
 19155 | Lair:1   | Aim: Gastronok, wearing the +3 hat of Pondering {ponderous,
                  | Will+ MP+10 Int+5} (heavily wounded, covering ground
                  | quickly, empty space bonus: 8/8)
 19155 | Lair:1   | Aim: Gastronok, wearing the +3 hat of Pondering {ponderous,
                  | Will+ MP+10 Int+5} (heavily wounded, covering ground
                  | quickly, empty space bonus: 8/8)
 19156 | Lair:1   | Aim: Gastronok, wearing the +3 hat of Pondering {ponderous,
                  | Will+ MP+10 Int+5} (heavily wounded, covering ground
                  | quickly, empty space bonus: 8/8)
 19156 | Lair:1   | Aim: Gastronok, wearing the +3 hat of Pondering {ponderous,
                  | Will+ MP+10 Int+5} (heavily wounded, covering ground
                  | quickly, empty space bonus: 8/8)
 19157 | Lair:1   | Aim: Gastronok, wearing the +3 hat of Pondering {ponderous,
                  | Will+ MP+10 Int+5} (heavily wounded, covering ground
                  | quickly, empty space bonus: 8/8)
 19157 | Lair:1   | Aim: Gastronok, wearing the +3 hat of Pondering {ponderous,
                  | Will+ MP+10 Int+5} (heavily wounded, covering ground
                  | quickly, empty space bonus: 8/8)
 19292 | Lair:1   | Aim: Gastronok, wearing the +3 hat of Pondering {ponderous,
                  | Will+ MP+10 Int+5} (lightly wounded, empty space bonus:
                  | 5/8)
 19292 | Lair:1   | Aim: Gastronok, wearing the +3 hat of Pondering {ponderous,
                  | Will+ MP+10 Int+5} (lightly wounded, empty space bonus:
                  | 5/8)
 19293 | Lair:1   | Aim: Gastronok, wearing the +3 hat of Pondering {ponderous,
                  | Will+ MP+10 Int+5} (lightly wounded, empty space bonus:
                  | 5/8)
 19293 | Lair:1   | Aim: Gastronok, wearing the +3 hat of Pondering {ponderous,
                  | Will+ MP+10 Int+5} (lightly wounded, empty space bonus:
                  | 5/8)
 19294 | Lair:1   | Aim: Gastronok, wearing the +3 hat of Pondering {ponderous,
                  | Will+ MP+10 Int+5} (lightly wounded, covering ground
                  | quickly, empty space bonus: 5/8)
 19294 | Lair:1   | Aim: Gastronok, wearing the +3 hat of Pondering {ponderous,
                  | Will+ MP+10 Int+5} (lightly wounded, covering ground
                  | quickly, empty space bonus: 5/8)
 19295 | Lair:1   | Aim: Gastronok, wearing the +3 hat of Pondering {ponderous,
                  | Will+ MP+10 Int+5} (moderately wounded, covering ground
                  | quickly, empty space bonus: 5/8)
 19295 | Lair:1   | Aim: Gastronok, wearing the +3 hat of Pondering {ponderous,
                  | Will+ MP+10 Int+5} (moderately wounded, covering ground
                  | quickly, empty space bonus: 5/8)
 19296 | Lair:1   | Aim: Gastronok, wearing the +3 hat of Pondering {ponderous,
                  | Will+ MP+10 Int+5} (moderately wounded, covering ground
                  | quickly, empty space bonus: 8/8)
 19296 | Lair:1   | Aim: Gastronok, wearing the +3 hat of Pondering {ponderous,
                  | Will+ MP+10 Int+5} (moderately wounded, covering ground
                  | quickly, empty space bonus: 8/8)
 19297 | Lair:1   | Aim: Gastronok, wearing the +3 hat of Pondering {ponderous,
                  | Will+ MP+10 Int+5} (heavily wounded, covering ground
                  | quickly, empty space bonus: 8/8)
 19297 | Lair:1   | Aim: Gastronok, wearing the +3 hat of Pondering {ponderous,
                  | Will+ MP+10 Int+5} (heavily wounded, covering ground
                  | quickly, empty space bonus: 8/8)
 19298 | Lair:1   | Aim: Gastronok, wearing the +3 hat of Pondering {ponderous,
                  | Will+ MP+10 Int+5} (heavily wounded, covering ground
                  | quickly, empty space bonus: 8/8)
 19298 | Lair:1   | Aim: Gastronok, wearing the +3 hat of Pondering {ponderous,
                  | Will+ MP+10 Int+5} (heavily wounded, covering ground
                  | quickly, empty space bonus: 8/8)
 19299 | Lair:1   | Aim: Gastronok, wearing the +3 hat of Pondering {ponderous,
                  | Will+ MP+10 Int+5} (heavily wounded, covering ground
                  | quickly, empty space bonus: 8/8)
 19299 | Lair:1   | Aim: Gastronok, wearing the +3 hat of Pondering {ponderous,
                  | Will+ MP+10 Int+5} (heavily wounded, covering ground
                  | quickly, empty space bonus: 8/8)
 19433 | Lair:1   | Aim: Gastronok, wearing the +3 hat of Pondering {ponderous,
                  | Will+ MP+10 Int+5} (lightly wounded, empty space bonus:
                  | 8/8)
 19433 | Lair:1   | Aim: Gastronok, wearing the +3 hat of Pondering {ponderous,
                  | Will+ MP+10 Int+5} (lightly wounded, empty space bonus:
                  | 8/8)
 19504 | D:10     | Reached **** piety under Vehumet
 19608 | Lair:1   | Aim: Gastronok, wearing the +3 hat of Pondering {ponderous,
                  | Will+ MP+10 Int+5} (lightly wounded, empty space bonus:
                  | 8/8)
 19608 | Lair:1   | Aim: Gastronok, wearing the +3 hat of Pondering {ponderous,
                  | Will+ MP+10 Int+5} (lightly wounded, empty space bonus:
                  | 8/8)
 19609 | Lair:1   | Aim: Gastronok, wearing the +3 hat of Pondering {ponderous,
                  | Will+ MP+10 Int+5} (lightly wounded, empty space bonus:
                  | 8/8)
 19609 | Lair:1   | Aim: Gastronok, wearing the +3 hat of Pondering {ponderous,
                  | Will+ MP+10 Int+5} (lightly wounded, empty space bonus:
                  | 8/8)
 19620 | D:10     | Aim: Gastronok, wearing the +3 hat of Pondering {ponderous,
                  | Will+ MP+10 Int+5} (moderately wounded, empty space bonus:
                  | 8/8)
 19620 | D:10     | Aim: Gastronok, wearing the +3 hat of Pondering {ponderous,
                  | Will+ MP+10 Int+5} (moderately wounded, empty space bonus:
                  | 8/8)
 19621 | D:10     | Aim: Gastronok, wearing the +3 hat of Pondering {ponderous,
                  | Will+ MP+10 Int+5} (moderately wounded, empty space bonus:
                  | 7/8)
 19621 | D:10     | Aim: Gastronok, wearing the +3 hat of Pondering {ponderous,
                  | Will+ MP+10 Int+5} (moderately wounded, empty space bonus:
                  | 7/8)
 19622 | D:10     | Aim: Gastronok, wearing the +3 hat of Pondering {ponderous,
                  | Will+ MP+10 Int+5} (heavily wounded, empty space bonus:
                  | 6/8)
 19622 | D:10     | Aim: Gastronok, wearing the +3 hat of Pondering {ponderous,
                  | Will+ MP+10 Int+5} (heavily wounded, empty space bonus:
                  | 6/8)
 19799 | D:10     | Aim: Gastronok, wearing the +3 hat of Pondering {ponderous,
                  | Will+ MP+10 Int+5} (lightly wounded, covering ground
                  | quickly, empty space bonus: 8/8)
 19799 | D:10     | Aim: Gastronok, wearing the +3 hat of Pondering {ponderous,
                  | Will+ MP+10 Int+5} (lightly wounded, covering ground
                  | quickly, empty space bonus: 8/8)
 19800 | D:10     | Aim: Gastronok, wearing the +3 hat of Pondering {ponderous,
                  | Will+ MP+10 Int+5} (lightly wounded, covering ground
                  | quickly, empty space bonus: 8/8)
 19800 | D:10     | Aim: Gastronok, wearing the +3 hat of Pondering {ponderous,
                  | Will+ MP+10 Int+5} (lightly wounded, covering ground
                  | quickly, empty space bonus: 8/8)
 19801 | D:10     | Aim: Gastronok, wearing the +3 hat of Pondering {ponderous,
                  | Will+ MP+10 Int+5} (moderately wounded, covering ground
                  | quickly, empty space bonus: 8/8)
 19801 | D:10     | Aim: Gastronok, wearing the +3 hat of Pondering {ponderous,
                  | Will+ MP+10 Int+5} (moderately wounded, covering ground
                  | quickly, empty space bonus: 8/8)
 19802 | D:10     | Aim: Gastronok, wearing the +3 hat of Pondering {ponderous,
                  | Will+ MP+10 Int+5} (moderately wounded, covering ground
                  | quickly, empty space bonus: 8/8)
 19802 | D:10     | Aim: Gastronok, wearing the +3 hat of Pondering {ponderous,
                  | Will+ MP+10 Int+5} (moderately wounded, covering ground
                  | quickly, empty space bonus: 8/8)
 19803 | D:10     | Aim: Gastronok, wearing the +3 hat of Pondering {ponderous,
                  | Will+ MP+10 Int+5} (moderately wounded, covering ground
                  | quickly, empty space bonus: 8/8)
 19803 | D:10     | Aim: Gastronok, wearing the +3 hat of Pondering {ponderous,
                  | Will+ MP+10 Int+5} (moderately wounded, covering ground
                  | quickly, empty space bonus: 8/8)
 19804 | D:10     | Aim: Gastronok, wearing the +3 hat of Pondering {ponderous,
                  | Will+ MP+10 Int+5} (heavily wounded, covering ground
                  | quickly, empty space bonus: 8/8)
 19804 | D:10     | Aim: Gastronok, wearing the +3 hat of Pondering {ponderous,
                  | Will+ MP+10 Int+5} (heavily wounded, covering ground
                  | quickly, empty space bonus: 8/8)
 19805 | D:10     | Aim: Gastronok, wearing the +3 hat of Pondering {ponderous,
                  | Will+ MP+10 Int+5} (heavily wounded, covering ground
                  | quickly, empty space bonus: 7/8)
 19805 | D:10     | Aim: Gastronok, wearing the +3 hat of Pondering {ponderous,
                  | Will+ MP+10 Int+5} (heavily wounded, covering ground
                  | quickly, empty space bonus: 7/8)
 19806 | D:10     | Aim: Gastronok, wearing the +3 hat of Pondering {ponderous,
                  | Will+ MP+10 Int+5} (heavily wounded, covering ground
                  | quickly, empty space bonus: 7/8)
 19806 | D:10     | Aim: Gastronok, wearing the +3 hat of Pondering {ponderous,
                  | Will+ MP+10 Int+5} (heavily wounded, covering ground
                  | quickly, empty space bonus: 7/8)
 19807 | D:10     | Aim: Gastronok, wearing the +3 hat of Pondering {ponderous,
                  | Will+ MP+10 Int+5} (heavily wounded, covering ground
                  | quickly, chance to affect: 11%)
 19807 | D:10     | Aim: Gastronok, wearing the +3 hat of Pondering {ponderous,
                  | Will+ MP+10 Int+5} (heavily wounded, covering ground
                  | quickly, chance to affect: 11%)
 19807 | D:10     | Aim: Gastronok, wearing the +3 hat of Pondering {ponderous,
                  | Will+ MP+10 Int+5} (heavily wounded, covering ground
                  | quickly, chance to affect: 11%)
 19810 | D:10     | Aim: Gastronok, wearing the +3 hat of Pondering {ponderous,
                  | Will+ MP+10 Int+5} (heavily wounded, covering ground
                  | quickly, 100% to hit)
 19810 | D:10     | Aim: Gastronok, wearing the +3 hat of Pondering {ponderous,
                  | Will+ MP+10 Int+5} (heavily wounded, covering ground
                  | quickly, 100% to hit)
 19810 | D:10     | Aim: Gastronok, wearing the +3 hat of Pondering {ponderous,
                  | Will+ MP+10 Int+5} (heavily wounded, covering ground
                  | quickly, 100% to hit)
 19811 | D:10     | Aim: Gastronok, wearing the +3 hat of Pondering {ponderous,
                  | Will+ MP+10 Int+5} (severely wounded, covering ground
                  | quickly, 100% to hit)
 19811 | D:10     | Aim: Gastronok, wearing the +3 hat of Pondering {ponderous,
                  | Will+ MP+10 Int+5} (severely wounded, covering ground
                  | quickly, 100% to hit)
 19811 | D:10     | Aim: Gastronok, wearing the +3 hat of Pondering {ponderous,
                  | Will+ MP+10 Int+5} (severely wounded, covering ground
                  | quickly, 100% to hit)
 19812 | D:10     | Aim: Gastronok, wearing the +3 hat of Pondering {ponderous,
                  | Will+ MP+10 Int+5} (almost dead, covering ground quickly,
                  | covered in acid, 100% to hit)
 19812 | D:10     | Aim: Gastronok, wearing the +3 hat of Pondering {ponderous,
                  | Will+ MP+10 Int+5} (almost dead, covering ground quickly,
                  | covered in acid, 100% to hit)
 19812 | D:10     | Aim: Gastronok, wearing the +3 hat of Pondering {ponderous,
                  | Will+ MP+10 Int+5} (almost dead, covering ground quickly,
                  | covered in acid, 100% to hit)
 19813 | D:10     | Aim: Gastronok, wearing the +3 hat of Pondering {ponderous,
                  | Will+ MP+10 Int+5} (almost dead, covering ground quickly,
                  | covered in acid, 100% to hit)
 19813 | D:10     | Aim: Gastronok, wearing the +3 hat of Pondering {ponderous,
                  | Will+ MP+10 Int+5} (almost dead, covering ground quickly,
                  | covered in acid, 100% to hit)
 19813 | D:10     | Killed Gastronok
 19814 | D:10     | Reached skill level 8 in Stealth
 19814 | D:10     | Reached skill level 6 in Conjurations
 20187 | Lair:1   | Reached skill level 8 in Air Magic
 20339 | Lair:1   | Reached XP level 12. HP: 89/89 MP: 24/24
 21108 | Lair:1   | Reached skill level 7 in Fighting
 21108 | Lair:1   | Reached skill level 7 in Short Blades
 21108 | Lair:1   | Reached skill level 7 in Long Blades
 21108 | Lair:1   | Reached skill level 7 in Axes
 21108 | Lair:1   | Reached skill level 7 in Maces & Flails
 21108 | Lair:1   | Reached skill level 7 in Polearms
 21108 | Lair:1   | Reached skill level 7 in Staves
 21108 | Lair:1   | Reached skill level 7 in Slings
 21108 | Lair:1   | Reached skill level 7 in Bows
 21108 | Lair:1   | Reached skill level 7 in Crossbows
 21108 | Lair:1   | Reached skill level 7 in Throwing
 21108 | Lair:1   | Reached skill level 7 in Armour
 21108 | Lair:1   | Reached skill level 7 in Shields
 21108 | Lair:1   | Reached skill level 7 in Unarmed Combat
 21108 | Lair:1   | Reached skill level 7 in Evocations
 21280 | Lair:1   | Identified the +3 war axe of Jofonk {vorpal, rPois rC+
                  | Will++ MP-9}
 21655 | Lair:2   | HP: 22/91 [yak (11)]
 21657 | Lair:2   | Reached skill level 6 in Hexes
 21657 | Lair:2   | Reached skill level 6 in Summonings
 21657 | Lair:2   | Reached skill level 6 in Necromancy
 21657 | Lair:2   | Reached skill level 6 in Translocations
 21657 | Lair:2   | Reached skill level 6 in Transmutations
 21657 | Lair:2   | Reached skill level 6 in Fire Magic
 21657 | Lair:2   | Reached skill level 6 in Ice Magic
 21657 | Lair:2   | Reached skill level 6 in Earth Magic
 21657 | Lair:2   | Reached skill level 6 in Poison Magic
 22012 | Lair:2   | Offered knowledge of Lee's Rapid Deconstruction by Vehumet.
 22217 | Lair:2   | Reached skill level 8 in Invocations
 22441 | Lair:2   | Reached skill level 9 in Spellcasting
 22516 | Lair:2   | Identified the -2 pair of gloves "Eziloes" {Str+2 Stlth+}
 22571 | Lair:2   | Noticed a boulder beetle
 22710 | Lair:1   | magus.rc [v1.9.6]
 23993 | Lair:3   | Reached skill level 9 in Dodging
 24835 | Lair:3   | Reached skill level 9 in Stealth
 24835 | Lair:3   | Reached XP level 13. HP: 98/98 MP: 26/26
 25113 | Lair:3   | Reached skill level 7 in Conjurations
 25272 | Lair:3   | Reached skill level 8 in Fighting
 25272 | Lair:3   | Reached skill level 8 in Short Blades
 25272 | Lair:3   | Reached skill level 8 in Long Blades
 25272 | Lair:3   | Reached skill level 8 in Axes
 25272 | Lair:3   | Reached skill level 8 in Maces & Flails
 25272 | Lair:3   | Reached skill level 8 in Polearms
 25272 | Lair:3   | Reached skill level 8 in Staves
 25272 | Lair:3   | Reached skill level 8 in Slings
 25272 | Lair:3   | Reached skill level 8 in Bows
 25272 | Lair:3   | Reached skill level 8 in Crossbows
 25272 | Lair:3   | Reached skill level 8 in Throwing
 25272 | Lair:3   | Reached skill level 8 in Armour
 25272 | Lair:3   | Reached skill level 8 in Shields
 25272 | Lair:3   | Reached skill level 8 in Unarmed Combat
 25272 | Lair:3   | Reached skill level 8 in Evocations
 25778 | Lair:3   | Found a staircase to the Swamp.
 26057 | Lair:3   | magus.rc [v1.9.6]
 26209 | Lair:3   | magus.rc [v1.9.6]
 26530 | Lair:4   | Found a staircase to the Snake Pit.
 26605 | Lair:4   | Reached skill level 9 in Invocations
 27752 | Lair:4   | Reached skill level 7 in Hexes
 27752 | Lair:4   | Reached skill level 7 in Summonings
 27752 | Lair:4   | Reached skill level 7 in Necromancy
 27752 | Lair:4   | Reached skill level 7 in Translocations
 27752 | Lair:4   | Reached skill level 7 in Transmutations
 27752 | Lair:4   | Reached skill level 7 in Fire Magic
 27752 | Lair:4   | Reached skill level 7 in Ice Magic
 27752 | Lair:4   | Reached skill level 9 in Air Magic
 27752 | Lair:4   | Reached skill level 7 in Earth Magic
 27752 | Lair:4   | Reached skill level 7 in Poison Magic
 27752 | Lair:4   | HP: 23/99 [komodo dragon (22)]
 27778 | Lair:4   | magus.rc [v1.9.6]
 27819 | Lair:4   | HP: 24/99 [yak (8)]
 27826 | Lair:4   | HP: 20/99 [/static electricity (3)]
 27831 | Lair:4   | HP: 22/99 [/static electricity (2)]
 27834 | Lair:4   | HP: 8/99 [elephant (4)]
 27844 | Lair:3   | HP: 8/99 [elephant (3)]
 28615 | Lair:4   | Reached ***** piety under Vehumet
 28748 | Lair:4   | Reached skill level 10 in Spellcasting
 29150 | Lair:4   | magus.rc [v1.9.6]
 29168 | Lair:4   | Offered knowledge of Conjure Ball Lightning by Vehumet.
 30263 | Lair:5   | Reached skill level 10 in Dodging
 30263 | Lair:5   | Reached XP level 14. HP: 106/106 MP: 26/28
 31773 | Lair:6   | Entered Level 6 of the Lair of Beasts
 31785 | Lair:6   | Reached skill level 9 in Fighting
 31785 | Lair:6   | Reached skill level 9 in Short Blades
 31785 | Lair:6   | Reached skill level 9 in Long Blades
 31785 | Lair:6   | Reached skill level 9 in Axes
 31785 | Lair:6   | Reached skill level 9 in Maces & Flails
 31785 | Lair:6   | Reached skill level 9 in Polearms
 31785 | Lair:6   | Reached skill level 9 in Staves
 31785 | Lair:6   | Reached skill level 9 in Slings
 31785 | Lair:6   | Reached skill level 9 in Bows
 31785 | Lair:6   | Reached skill level 9 in Crossbows
 31785 | Lair:6   | Reached skill level 9 in Throwing
 31785 | Lair:6   | Reached skill level 9 in Armour
 31785 | Lair:6   | Reached skill level 9 in Shields
 31785 | Lair:6   | Reached skill level 9 in Unarmed Combat
 31785 | Lair:6   | Reached skill level 9 in Evocations
 31908 | Lair:6   | Reached skill level 10 in Stealth
 31965 | Lair:6   | Noticed Josephine
 31972 | Lair:6   | Killed Josephine
 32366 | Lair:6   | Found a snail-covered altar of Cheibriados.
 32414 | Lair:6   | Found a staircase to the Slime Pits.
 32425 | Lair:6   | Paralysed by a floating eye for 3 turns
 32590 | Lair:5   | Reached skill level 10 in Invocations
 32590 | Lair:5   | HP: 27/108 [death yak (20)]
 32592 | Lair:5   | Reached skill level 8 in Conjurations
 32885 | Lair:5   | Learned a level 5 spell: Manifold Assault
 32908 | Lair:6   | HP: 25/108 [death yak (9)]
 32913 | Lair:6   | HP: 22/108 [death yak (3)]
 35071 | Lair:6   | magus.rc [v1.9.6]
 35666 | D:12     | Reached skill level 8 in Hexes
 35666 | D:12     | Reached skill level 8 in Summonings
 35666 | D:12     | Reached skill level 8 in Necromancy
 35666 | D:12     | Reached skill level 8 in Translocations
 35666 | D:12     | Reached skill level 8 in Transmutations
 35666 | D:12     | Reached skill level 8 in Fire Magic
 35666 | D:12     | Reached skill level 8 in Ice Magic
 35666 | D:12     | Reached skill level 8 in Earth Magic
 35666 | D:12     | Reached skill level 8 in Poison Magic
 37035 | Orc:1    | Entered Level 1 of the Orcish Mines
 37035 | Orc:1    | Found Fanecru's Book Shop.
 37036 | Orc:1    | magus.rc [v1.9.6]
 37123 | Orc:1    | Found Wysoan's Distillery.
 37125 | Orc:1    | Found Zeqed's Assorted Antiques.
 37435 | Orc:1    | Offered knowledge of Olgreb's Toxic Radiance by Vehumet.
 37536 | Orc:1    | Bought a potion of heal wounds for 65 gold pieces
 37607 | Orc:1    | Found Kimuda's Weapon Shop.
 37969 | Orc:1    | Reached XP level 15. HP: 115/115 MP: 29/29
 38084 | Orc:1    | Found Soklacle's Assorted Antiques.
 38567 | Orc:2    | Entered Level 2 of the Orcish Mines
 38567 | Orc:2    | Found Banahaevoe's Antique Weapon Shop.
 38581 | Orc:2    | Found a staircase to the Elven Halls.
 39268 | Orc:1    | Reached skill level 11 in Spellcasting
 39979 | Orc:2    | Noticed an orc warlord
 39989 | Orc:2    | Killed an orc warlord
 39990 | Orc:2    | Reached skill level 10 in Air Magic
 40308 | Orc:2    | Found Wafi's General Store.
 40725 | Orc:2    | Found Kyosemom's Antique Armour Shop.
 40866 | Orc:2    | Found Duchoshruec's Book Emporium.
 40877 | Orc:2    | Reached skill level 10 in Fighting
 40877 | Orc:2    | Reached skill level 10 in Short Blades
 40877 | Orc:2    | Reached skill level 10 in Long Blades
 40877 | Orc:2    | Reached skill level 10 in Axes
 40877 | Orc:2    | Reached skill level 10 in Maces & Flails
 40877 | Orc:2    | Reached skill level 10 in Polearms
 40877 | Orc:2    | Reached skill level 10 in Staves
 40877 | Orc:2    | Reached skill level 10 in Slings
 40877 | Orc:2    | Reached skill level 10 in Bows
 40877 | Orc:2    | Reached skill level 10 in Crossbows
 40877 | Orc:2    | Reached skill level 10 in Throwing
 40877 | Orc:2    | Reached skill level 10 in Armour
 40877 | Orc:2    | Reached skill level 11 in Dodging
 40877 | Orc:2    | Reached skill level 10 in Shields
 40877 | Orc:2    | Reached skill level 10 in Unarmed Combat
 40877 | Orc:2    | Reached skill level 10 in Evocations
 41379 | D:13     | You pick up a book of Lightning and begin reading...
 41379 | D:13     | You add the spells Lightning Bolt and Maxwell's Capacitive
                  | Coupling to your library.
 41909 | D:13     | Reached skill level 11 in Invocations
 42133 | D:13     | Found Xuexzuiz's Specific Store.
 42133 | D:13     | Found Oliarue's General Store.
 42193 | D:13     | Reached skill level 11 in Stealth
 42648 | D:13     | Found a gate to the Vaults.
 43180 | D:14     | Noticed Agnes
 43188 | D:14     | Killed Agnes
 43769 | D:15     | Entered Level 15 of the Dungeon
 43958 | D:15     | Reached skill level 9 in Conjurations
 44198 | D:15     | HP: 17/117 [centaur warrior/arrow (19)]
 44338 | D:15     | Identified the +5 flail of Ascent {venom, rN+ rCorr}
 44547 | D:15     | Found a burning altar of Makhleb.
 44551 | D:15     | Found a blossoming altar of Fedhas.
 44763 | D:15     | Offered knowledge of Yara's Violent Unravelling by Vehumet.
 44848 | D:15     | Learned a level 5 spell: Yara's Violent Unravelling
 45908 | D:15     | Reached XP level 16. HP: 123/123 MP: 18/31
 46029 | D:15     | Found a staircase to the Depths.
 46070 | D:15     | magus.rc [v1.9.6]
 46462 | Swamp:1  | Entered Level 1 of the Swamp
 46994 | Swamp:1  | Reached skill level 9 in Hexes
 46994 | Swamp:1  | Reached skill level 9 in Summonings
 46994 | Swamp:1  | Reached skill level 9 in Necromancy
 46994 | Swamp:1  | Reached skill level 9 in Translocations
 46994 | Swamp:1  | Reached skill level 9 in Transmutations
 46994 | Swamp:1  | Reached skill level 9 in Fire Magic
 46994 | Swamp:1  | Reached skill level 9 in Ice Magic
 46994 | Swamp:1  | Reached skill level 9 in Earth Magic
 46994 | Swamp:1  | Reached skill level 9 in Poison Magic
 48061 | Swamp:2  | You pick up a book of Unlife and begin reading...
 48061 | Swamp:2  | You add the spells Animate Dead, Borgnjor's Vile Clutch and
                  | Death Channel to your library.
 48387 | Swamp:2  | Noticed a fenstrider witch
 48394 | Swamp:2  | Killed a fenstrider witch
 48412 | Swamp:2  | Noticed a fenstrider witch
 48419 | Swamp:2  | Killed a fenstrider witch
 48430 | Swamp:2  | Noticed a fenstrider witch
 48567 | Swamp:2  | Killed a fenstrider witch
 48971 | Orc:2    | Bought a ring of poison resistance for 260 gold pieces
 49647 | Swamp:2  | Reached skill level 12 in Spellcasting
 49893 | Swamp:2  | Found a runed translucent door.
 50252 | Swamp:2  | Offered knowledge of Freezing Cloud by Vehumet.
 50253 | Swamp:2  | Reached skill level 11 in Fighting
 50253 | Swamp:2  | Reached skill level 11 in Short Blades
 50253 | Swamp:2  | Reached skill level 11 in Long Blades
 50253 | Swamp:2  | Reached skill level 11 in Axes
 50253 | Swamp:2  | Reached skill level 11 in Maces & Flails
 50253 | Swamp:2  | Reached skill level 11 in Polearms
 50253 | Swamp:2  | Reached skill level 11 in Staves
 50253 | Swamp:2  | Reached skill level 11 in Slings
 50253 | Swamp:2  | Reached skill level 11 in Bows
 50253 | Swamp:2  | Reached skill level 11 in Crossbows
 50253 | Swamp:2  | Reached skill level 11 in Throwing
 50253 | Swamp:2  | Reached skill level 11 in Armour
 50253 | Swamp:2  | Reached skill level 11 in Shields
 50253 | Swamp:2  | Reached skill level 11 in Unarmed Combat
 50253 | Swamp:2  | Reached skill level 11 in Evocations
 50566 | Swamp:3  | Reached skill level 12 in Invocations
 50885 | Swamp:3  | Reached skill level 12 in Dodging
 50974 | Swamp:3  | You pick up a book of Callings and begin reading...
 50974 | Swamp:3  | You add the spells Summon Small Mammal and Summon Guardian
                  | Golem to your library.
 52094 | Swamp:4  | Entered Level 4 of the Swamp
 52111 | Swamp:4  | HP: 15/125 [will-o-the-wisp/foxfire (19)]
 52112 | Swamp:4  | Reached skill level 12 in Stealth
 52112 | Swamp:4  | Killed from afar by a will-o-the-wisp

Vanquished Creatures
  Gastronok (D:10)
  Agnes (D:14)
  3 fenstrider witches (Swamp:2)
  An orc warlord (Orc:2)
  6 eleionomae
  A dire elephant (D:15)
  Josephine (Lair:6)
  3 boulder beetles
  A catoblepas (Lair:4)
  17 hydras
  7 centaur warriors
  3 tengu warriors
  6 death yaks
  5 alligators
  2 two-headed ogres
  3 orc high priests
  2 goliath frogs
  2 spriggan druids (Swamp:2)
  5 bog bodies
  6 orc knights
  A swamp dragon (Swamp:2)
  A wizard (D:14)
  A necromancer (D:13)
  Pikel (D:8)
  2 orc sorcerers (Orc:2)
  4 deep elf pyromancers
  2 wolf spiders
  3 manticores
  8 ugly things (D:15)
  3 cyclopes
  8 will-o-the-wisps
  17 elephants
  An eye of devastation (Lair:6)
  7 black mambas
  A guardian serpent (Lair:6)
  2 torpor snails (Lair:4)
  A gargoyle (D:13)
  18 cane toads
  14 komodo dragons
  2 rime drakes (Lair:3)
  3 meliai (D:13)
  A tengu conjurer (D:15)
  9 trolls
  5 bloated husks
  5 tyrant leeches
  13 dream sheep
  4 polar bears
  11 hornets
  11 slime creatures
  A centaur simulacrum (D:15)
  4 shadows
  7 spriggans
  10 wyverns
  5 wraiths
  5 basilisks
  41 yaks
  Grum (D:11)
  4 redbacks (Lair:6)
  22 vampire mosquitoes
  6 wargs
  A two-headed ogre zombie (D:9)
  5 nagas (Lair:4)
  An acid dragon (D:9)
  16 swamp worms
  20 water moccasins
  3 ice beasts
  A floating eye (Lair:6)
  25 orc warriors
  4 sky beasts
  A sky beast (shapeshifter) (D:14)
  5 black bears
  5 necrophages
  22 wolves
  16 centaurs
  9 ogres
  2 phantoms
  10 bullfrogs
  An earth elemental (Swamp:3)
  A wyvern zombie (D:8)
  A scorpion (D:5)
  A gnoll sergeant (D:5)
  A water moccasin skeleton (D:4)
  4 killer bees
  3 electric eels
  4 troll zombies (D:9)
  13 wights
  9 howler monkeys
  3 centaur zombies
  3 bullfrog skeletons
  A gnoll shaman (D:7)
  10 orc priests
  6 hounds
  A jelly (D:5)
  3 iguanas
  18 orc wizards
  5 hell rats (Lair:4)
  3 ogre zombies (D:9)
  2 hound zombies (D:5)
  2 mummies (D:12)
  2 howler monkey zombies
  2 howler monkey skeletons
  13 gnolls
  6 adders
  2 white imps (D:7)
  2 adder skeletons
  A worm (D:5)
  3 dart slugs
  64 orcs
  6 bats
  6 endoplasms
  3 giant cockroaches
  8 hobgoblins
  8 jackals
  4 quokkas
  7 ball pythons
  4 frilled lizards
  11 goblins
  A goblin skeleton (D:9)
  A goblin zombie (D:9)
  6 hobgoblin zombies (D:9)
  9 kobolds
  5 orc skeletons (D:9)
  10 orc zombies (D:9)
  6 rats (D:1)
772 creatures vanquished.

Vanquished Creatures (others)
  A hornet (Swamp:3)
  A human (Swamp:2)
  125 foxfires
  66 fungi
  81 plants
  2 withered plants (D:3)
276 creatures vanquished.

Grand Total: 1048 creatures vanquished

Table legend:
 A = Non-vault XP
 B = Vault XP
 C = Vault XP percentage of total XP
 D = Non-vault monster count
 E = Vault monster count
 F = Vault count percentage of total count
                 A         B        C        D         E       F
            +---------+---------+-------+---------+---------+-------
      Total |  125822 |   48114 |  27.7 |     587 |     186 |  24.1
            +---------+---------+-------+---------+---------+-------
        D:1 |      36 |       4 |  10.0 |      24 |       2 |   7.7
        D:2 |      35 |       0 |   0.0 |      14 |       0 |   0.0
        D:3 |      53 |       0 |   0.0 |      21 |       0 |   0.0
        D:4 |     314 |       0 |   0.0 |      19 |       0 |   0.0
        D:5 |    1219 |     359 |  22.8 |      14 |       9 |  39.1
        D:6 |    1684 |       0 |   0.0 |      32 |       0 |   0.0
        D:7 |     994 |      10 |   1.0 |      23 |       1 |   4.2
        D:8 |    1158 |     641 |  35.6 |      20 |       1 |   4.8
        D:9 |    1994 |     906 |  31.2 |      17 |      34 |  66.7
       D:10 |    4460 |    2532 |  36.2 |      25 |       9 |  26.5
       D:11 |    2304 |     552 |  19.3 |      21 |       4 |  16.0
       D:12 |    3661 |    1083 |  22.8 |      20 |       9 |  31.0
       D:13 |    8975 |     961 |   9.7 |      19 |       2 |   9.5
       D:14 |    4583 |    1485 |  24.5 |      11 |       1 |   8.3
       D:15 |   13196 |    2625 |  16.6 |      34 |       4 |  10.5
     Temple |     190 |       0 |   0.0 |       1 |       0 |   0.0
     Lair:1 |    4943 |     372 |   7.0 |      17 |       1 |   5.6
     Lair:2 |    6091 |       0 |   0.0 |      29 |       0 |   0.0
     Lair:3 |    7951 |    1574 |  16.5 |      25 |       5 |  16.7
     Lair:4 |    3782 |    8934 |  70.3 |      19 |      26 |  57.8
     Lair:5 |    8178 |     159 |   1.9 |      20 |       1 |   4.8
     Lair:6 |    7435 |   10853 |  59.3 |      20 |      39 |  66.1
    Swamp:1 |    7534 |       0 |   0.0 |      24 |       0 |   0.0
    Swamp:2 |   16441 |    3957 |  19.4 |      38 |       3 |   7.3
    Swamp:3 |   11127 |    2539 |  18.6 |      20 |       8 |  28.6
    Swamp:4 |    2057 |       0 |   0.0 |       4 |       0 |   0.0
      Orc:1 |    2928 |     810 |  21.7 |      34 |       2 |   5.6
      Orc:2 |    2499 |    7758 |  75.6 |      22 |      25 |  53.2
            +---------+---------+-------+---------+---------+-------

Illustrated notes

Table legend:
 A = Kills in this place as a percentage of kills in entire the game.
 B = Kills by you in this place as a percentage of kills by you in the entire game.
 C = Kills by friends in this place as a percentage of kills by friends in the entire game.
 D = Other kills in this place as a percentage of other kills in the entire game.
 E = Experience gained in this place as a percentage of experience gained in the entire game.
 F = Experience gained in this place divided by the number of levels of this place that you have seen.
                   A       B       C       D       E      F
               +-------+-------+-------+-------+-------+----------------------
         Total | 100.0 | 100.0 |   N/A | 100.0 | 100.0 | 6212.0
       Dungeon |  50.5 |  50.5 |   N/A |   0.0 |  32.1 | 3721.6
        Temple |   0.1 |   0.1 |   N/A |   0.0 |   0.1 | 190.0
          Lair |  26.1 |  26.2 |   N/A |   0.0 |  34.7 | 10045.3
         Swamp |  12.5 |  12.4 |   N/A | 100.0 |  25.1 | 10913.8
  Orcish Mines |  10.7 |  10.8 |   N/A |   0.0 |   8.0 | 6997.5
               +-------+-------+-------+-------+-------+----------------------

Table legend: (Time is in decaauts)
 A = Elapsed time spent in this place.
 B = Non-inter-level travel time spent in this place.
 C = Inter-level travel time spent in this place.
 D = Time resting spent in this place.
 E = Time spent auto-exploring this place.
 F = Levels seen in this place.
 G = Mean time per level.
                   A        B        C        D        E       F      G
               +--------+--------+--------+--------+--------+-----+--------+
         Total |  53855 |  50438 |   3417 |  15949 |  26315 |  28 | 1923.4 |
       Dungeon |  26624 |  25244 |   1380 |   6995 |  14451 |  15 | 1774.9 |
        Temple |   1490 |   1408 |     82 |    769 |    358 |   1 | 1490.0 |
          Lair |  16478 |  15395 |   1083 |   5498 |   7170 |   6 | 2746.3 |
         Swamp |   4997 |   4856 |    141 |   1122 |   3216 |   4 | 1249.2 |
  Orcish Mines |   4264 |   3535 |    729 |   1565 |   1119 |   2 | 2132.0 |
               +--------+--------+--------+--------+--------+-----+--------+

Top non-repeatable levels by time:
    D:10: 4068 daAuts
  Lair:3: 3616 daAuts
  Lair:4: 3108 daAuts
  Lair:6: 2902 daAuts
   Orc:1: 2522 daAuts
  Lair:2: 2495 daAuts
     D:9: 2472 daAuts
  Lair:5: 2318 daAuts
    D:15: 2091 daAuts
  Lair:1: 2037 daAuts
 Swamp:2: 1997 daAuts
     D:5: 1945 daAuts
     D:6: 1912 daAuts
    D:12: 1877 daAuts
     D:4: 1814 daAuts
